 Dungeon Crawl Stone Soup version 0.29.1-1-gd02db6906a (webtiles) character file.

Game seed: 17783371618719759558

408 vvl the Trooper (level 6, -1/52 HPs)
             Began as a Ghoul Fighter on Sept 15, 2022.
             Slain by a gnoll
             ... wielding a +0 club
              (4 damage)
             ... on level 4 of the Dungeon.
             The game lasted 00:06:48 (3546 turns).

vvl the Trooper (Ghoul Fighter)                     Turns: 3546, Time: 00:06:48

Health: -1/52      AC:  6    Str: 20    XL:     6   Next: 88%
Magic:  7/7        EV: 10    Int:  5    God:
Gold:   123        SH:  4    Dex:  8    Spells: 8/8 levels left

rFire   . . .      SeeInvis .   l - +0 dagger (venom)
rCold   + . .      Faith    .   c - +0 buckler
rNeg    + + +      Spirit   .   k - +0 ring mail
rPois   ∞          Reflect  .   o - +0 helmet
rElec   .          Harm     .   (no cloak)
rCorr   +          Rampage  .   (no gloves)
Will    .....                   (no boots)
Stlth   ..........              (no amulet)
HPRegen 0.00/turn               t - ring of resist corrosion
MPRegen 0.10/turn               (no ring)

@: inhibited regen
A: claws 1, cold resistance 1, negative energy resistance 3, inhibited
regeneration, torment resistance 2, devour on kill
a: no special abilities


You were on level 4 of the Dungeon.
You visited 1 branch of the dungeon, and saw 4 of its levels.

You collected 123 gold pieces.

Inventory:

Hand Weapons
 a - a +0 war axe
 l - a +0 dagger of venom (weapon)
Armour
 c - a +0 buckler (worn)
 k - a +0 ring mail (worn)
 o - a +0 helmet (worn)
Jewellery
 t - a ring of resist corrosion (left claw)
Wands
 u - a wand of digging (5)
 v - a wand of iceblast (10)
Scrolls
 e - 4 scrolls of fog {unknown}
 f - a scroll of magic mapping {unknown}
 g - 4 scrolls of identify {unknown}
 m - a scroll of enchant weapon {unknown}
 n - a scroll of teleportation {unknown}
 p - a scroll of torment {unknown}
 q - 4 scrolls of amnesia {unknown}
Potions
 b - a potion of degeneration {unknown}
 d - 2 potions of might
 h - a potion of ambrosia {unknown}
 i - a potion of mutation
 j - a potion of invisibility {unknown}
 r - 4 potions of heal wounds {unknown}
 s - a potion of haste


   Skills:
 + Level 4.1 Fighting
 + Level 2.7 Axes
 + Level 3.4 Armour
 + Level 1.7 Dodging
 + Level 3.5 Shields
 + Level 1.8 Spellcasting
 + Level 2.4 Ice Magic
 + Level 2.1 Earth Magic


You had 8 spell levels left.
You didn't know any spells.
Your spell library contained the following spells:

 Spells                   Type           Power      Damage    Failure   Level
 Dazzling Flash           Conj/Hex       0%         N/A       96%         3
 Ignite Poison            Fire/Tmut/Pois 0%         N/A       96%         3
 Mephitic Cloud           Conj/Pois/Air  0%         N/A       96%         3
 Agony                    Necr           0%         N/A       100%        5
 Freezing Cloud           Conj/Ice/Air   0%         6-21      100%        5
 Silence                  Hex/Air        0%         N/A       100%        5


Dungeon Overview and Level Annotations

Branches:
Dungeon (4/15)
 Temple: D:4-7

Altars:
Wu Jian


Innate Abilities, Weirdness & Mutations

You are immune to poison.
You have sharp fingernails.
Your flesh is cold resistant. (rC+)
You are immune to negative energy. (rN+++)
You do not regenerate when monsters are visible.
You are immune to unholy pain and torment.
You thrive by killing the living.


Message History

You hit the goblin.
The goblin is heavily wounded.
The gnoll hits you with a +0 club! The goblin hits you but does no damage.
You hit the goblin.
You kill the goblin!
You feel better. The gnoll hits you with a +0 club.
You closely miss the gnoll. The gnoll hits you with a +0 club.
The gnoll barely misses you.
The gnoll hits you from afar with a +0 spear.
You barely miss the gnoll. The gnoll hits you with a +0 club.
The gnoll hits you but does no damage. The gnoll closely misses you.
You hit the gnoll.
The gnoll is poisoned.
The gnoll is lightly wounded.
The gnoll closely misses you.
The gnoll throws a stone.
The stone closely misses you.
The gnoll hits you from afar with a +0 spear.
You closely miss the gnoll.
The gnoll is lightly wounded.
The gnoll hits you with a +0 club. The gnoll misses you.
The gnoll hits you from afar with a +0 spear.
The gnoll attacks as you move away! The gnoll closely misses you.
The gnoll barely misses you. The gnoll attacks as you move away!
The gnoll hits you with a +0 club. The gnoll attacks as you move away!
The gnoll completely misses you. The gnoll attacks as you move away!
The gnoll hits you with a +0 club.
You closely miss the gnoll.
The gnoll throws a stone.
The stone barely misses you. The gnoll completely misses you.
The gnoll hits you with a +0 club.
* * * LOW HITPOINT WARNING * * *
The gnoll hits you from afar with a +0 spear.
* * * LOW HITPOINT WARNING * * *
The gnoll barely misses you. The gnoll attacks as you move away!
The gnoll hits you with a +0 club.
* * * LOW HITPOINT WARNING * * *
The gnoll hits you with a +0 club.
* * * LOW HITPOINT WARNING * * *
You block the gnoll's attack. The gnoll attacks as you move away!
The gnoll closely misses you. The gnoll hits you with a +0 club.
You die...

.....## #..#
#........[.. ...###
##.# ........... .#.#
#.## #.......... ##..
#..# #.........# ###.#
##.## ........# ##
##..# #.......#
#####...## ###g.....##
#......)..###gg..)....#
#...###.....@.#.......#
### #.....#####......#
#.......# #...###
#....#..# ####
#...####.# ...### ..
#..# ### ##.


You could see 3 gnolls.

Vanquished Creatures
  Grinder (D:3)
  An orc priest (D:3)
  An iguana (D:4)
  An orc wizard (D:3)
  Robin (D:2)
  A gnoll (D:1)
  2 adders (D:2)
  3 worms
  2 dart slugs (D:1)
  5 orcs
  5 bats
  4 endoplasms
  2 giant cockroaches (D:3)
  18 goblins
  12 hobgoblins
  4 quokkas (D:1)
  3 ball pythons
  5 frilled lizards
  5 kobolds
  5 rats
81 creatures vanquished.

Vanquished Creatures (others)
  4 toadstools (D:1)
4 creatures vanquished.

Grand Total: 85 creatures vanquished

Notes
Turn   | Place    | Note
-------+----------+-------------------------------------------
     0 | D:1      | vvl the Ghoul Fighter began the quest for the Orb.
     0 | D:1      | Reached XP level 1. HP: 19/19 MP: 0/0
   157 | D:1      | Reached XP level 2. HP: 26/26 MP: 1/1
   238 | D:1      | Reached XP level 3. HP: 31/31 MP: 2/2
   485 | D:1      | Reached skill level 1 in Ice Magic
   831 | D:2      | Reached skill level 1 in Earth Magic
   907 | D:2      | Reached XP level 4. HP: 38/38 MP: 4/4
  1035 | D:2      | Reached skill level 1 in Spellcasting
  1146 | D:2      | Noticed Robin
  1179 | D:2      | Reached skill level 1 in Dodging
  1543 | D:2      | Killed Robin
  1871 | D:2      | Found a faded altar of an unknown god.
  2117 | D:3      | Found an ornate altar of the Wu Jian Council.
  2183 | D:3      | Reached XP level 5. HP: 46/46 MP: 5/5
  2303 | D:3      | Noticed Grinder
  2311 | D:3      | Paralysed by Grinder for 5 turns
  2324 | D:3      | Killed Grinder
  2325 | D:3      | Reached skill level 4 in Fighting
  2325 | D:3      | Reached XP level 6. HP: 8/52 MP: 5/7
  3546 | D:4      | Slain by a gnoll

Illustrated notes

Levels and vault maps discovered:
D:1:      ldierk_walled_garden_2, layout_rooms
D:2:      layout_basic, hellmonk_ecumenical_altar_heavens_door, uniq_robin
D:3:      layout_basic, nicolae_wu_jian_wuxing_cycle, uniq_grinder
D:4:      minmay_chambers_of_twos, layout_layer_cave, grunt_qazlal_sundering,
          kennysheep_generic_room_13

Skill      XL: |  1  2  3  4  5 |
---------------+----------------+-----
Axes           | 2 |  2.7
Ice Magic      | 1 2 |  2.4
Earth Magic    | 1 2 |  2.1
Spellcasting   | 1 |  1.8
Dodging        | 1 |  1.7
Armour         | 3 |  3.4
Shields        | 3 |  3.5
Fighting       | 4 |  4.1

Action                   |  1- 3 |  4- 6 || total
-------------------------+-------+-------++-------
Melee: War axe           |    78 |     2 ||    80
       Dagger            |       |   188 ||   188
  Use: Potion            |       |     3 ||     3
Armor: Scale mail        |    18 |       ||    18
       Ring mail         |    14 |    95 ||   109
Dodge: Dodged            |    31 |   109 ||   140
Block: Buckler           |    12 |    43 ||    55
